Map: Acropolis LE

Players

Denver - Winner!

  • Race: Zerg Zerg
  • Spawn Location: 5:00

hinO

  • Race: Zerg Zerg
  • Spawn Location: 11:00

Event: 2019 WCS Summer

VOD

Have the link to the VOD?

Description

Time

  • Played on: July 12, 2019, 10:13 a.m.
  • Length: 10:52

All games in this series

Show
View Real Time Build Order
Export as new Build Order

Denver Zerg - Winner!

Build Orders: Hatch First 

Get SALT Encoding   

  12  0:00  Drone  
  13  0:12  Overlord  
  13  0:17  Drone  
  14  0:31  Drone x2  
  16  0:47  Hatchery  
  15  0:50  Drone  
  15  0:54  Drone  
  17  0:57  Drone  
  18  1:08  Extractor  
  17  1:14  Spawning Pool  
  17  1:17  Drone  
  17  1:20  Drone  
  18  1:27  Drone  
  19  1:38  Drone  
  20  1:56  Overlord  
  20  2:01  Queen x2  
  20  2:02  Zergling x4  
  26  2:09  Metabolic Boost  
  26  2:11  Drone  
  26  2:15  Drone  
  28  2:21  Drone  
  29  2:24  Drone  
  30  2:38  Hatchery  
  30  2:41  Drone  
  30  2:44  Drone x2  
  30  2:51  Baneling Nest  
  31  2:53  Drone  
  31  2:56  Drone  
  33  3:01  Overlord  
  33  3:06  Zergling x4  
  33  3:11  Drone  
  36  3:12  Overlord  
  36  3:21  Drone  
  36  3:22  Drone x3  
  40  3:28  Zergling x2  
  40  3:32  Queen  
  43  3:36  Baneling  
  43  3:37  Drone x2  
  44  3:45  Drone x5  
  44  3:47  Drone  
  48  3:52  Zergling x2  
  48  4:01  Baneling  
  48  4:02  Baneling, Drone x2  
  52  4:04  Evolution Chamber  
  52  4:06  Drone  
  52  4:09  Overlord  
  52  4:12  Overlord  
  52  4:14  Drone x4  
  54  4:18  Extractor  
  54  4:19  Drone  
  54  4:22  Roach Warren  
  54  4:23  Drone x2  
  55  4:28  Queen  
  55  4:30  Zerg Missile Weapons Level 1  
  57  4:31  Zergling x2  
  57  4:36  Overlord  
  57  4:39  Lair  
  57  4:41  Zergling x4  
  59  4:48  Drone x5  
  59  4:50  Extractor  
  63  4:54  Zergling x8  
  63  4:56  Overlord  
  63  4:58  Drone x2  
  69  5:02  Drone x2  
  69  5:03  Baneling  
  69  5:05  Extractor  
  69  5:06  Extractor  
  69  5:07  Drone  
  69  5:16  Drone x5  
  69  5:19  Extractor  
  69  5:20  Drone x6  
  79  5:23  Overlord  
  79  5:25  Overlord  
  79  5:29  Drone  
  79  5:30  Drone  
  81  5:37  Hatchery  
  81  5:38  Overseer  
  81  5:40  Pneumatized Carapace  
  81  5:41  Overlord  
  80  5:45  Roach  
  80  5:46  Roach  
  80  5:47  Glial Reconstitution  
  81  5:50  Roach  
  81  5:51  Roach  
  81  5:53  Roach  
  85  5:57  Roach x3  
  85  5:59  Overlord  
  85  6:01  Drone  
  85  6:02  Drone  
  85  6:04  Roach  
  95  6:10  Drone x3  
  98  6:13  Burrow  
  98  6:14  Queen  
  98  6:18  Roach x3  
  106  6:22  Drone x2, Spore Crawler  
  107  6:26  Overlord  
  107  6:30  Drone x2, Spore Crawler  
  107  6:32  Spore Crawler  
  107  6:35  Zerg Missile Weapons Level 2  
  107  6:37  Drone x2  
  107  6:38  Evolution Chamber  
  107  6:42  Drone, Spore Crawler  
  107  6:44  Overlord  
  107  6:46  Spore Crawler  
  106  6:57  Roach x3  
  106  6:58  Overseer  
  106  7:01  Spore Crawler  
  115  7:02  Spore Crawler  
  115  7:04  Zerg Ground Armor Level 1  
  114  7:10  Infestation Pit  
  114  7:13  Roach x4  
  121  7:17  Roach x3  
  121  7:18  Overlord  
  121  7:20  Overlord  
  128  7:24  Overlord  
  128  7:27  Overlord  
  128  7:29  Roach  
  136  7:30  Roach x5  
  136  7:31  Overlord  
  136  7:32  Overlord  
  136  7:35  Overlord  
  136  7:42  Hydralisk Den, Roach x3  
  136  7:43  Tunneling Claws  
  141  7:50  Overseer  
  141  7:52  Roach x5  
  141  7:53  Roach  
  141  7:55  Overlord  
  141  7:56  Ravager x3  
  141  7:57  Ravager x2  
  158  8:01  Overlord  
  158  8:06  Roach  
  158  8:07  Roach x3  
  158  8:11  Overlord x2  
  166  8:14  Roach x2  
  166  8:16  Grooved Spines  
  168  8:24  Roach x5  
  168  8:25  Overseer  
  170  8:33  Roach x5  
  180  8:40  Roach  
  180  8:41  Roach x4  
  191  8:48  Roach x4  
  197  8:57  Lurker Den  
  197  9:01  Infestation Pit  
  193  9:10  Roach x3  
  178  9:17  Roach x11  
  178  9:22  Roach x3  
  174  9:28  Roach x3  
  178  9:35  Hydralisk x4  
  182  9:38  Roach x14  
  182  9:41  Roach x3  
  186  9:48  Roach x4  
  194  9:53  Roach  
  194  9:54  Roach  
  198  10:01  Overseer  
  198  10:10  Roach x2  
  198  10:11  Roach x6  
  198  10:13  Hatchery, Roach  
  197  10:15  Roach  
  197  10:16  Roach  
  197  10:17  Roach x2  
  197  10:27  Lurker  
  198  10:30  Extractor  
Show
View Real Time Build Order
Export as new Build Order

hinO Zerg 

Build Orders: Hatch First 

Get SALT Encoding   

  12  0:00  Drone  
  13  0:13  Overlord  
  13  0:18  Drone  
  14  0:31  Drone x2  
  16  0:49  Hatchery  
  15  0:52  Drone  
  15  0:56  Drone  
  17  0:59  Drone  
  18  1:10  Extractor  
  17  1:14  Spawning Pool  
  16  1:19  Drone  
  16  1:20  Drone  
  18  1:29  Drone  
  19  1:39  Overlord  
  19  1:50  Drone  
  20  2:01  Queen x2  
  20  2:02  Zergling x4  
  26  2:10  Metabolic Boost  
  26  2:11  Drone  
  27  2:17  Drone  
  28  2:23  Drone x2  
  30  2:35  Drone x2  
  32  2:45  Hatchery  
  32  2:47  Drone  
  32  2:54  Drone  
  32  2:58  Baneling Nest  
  32  3:01  Overlord  
  32  3:04  Zergling x2  
  33  3:06  Zergling x4  
  35  3:15  Drone  
  36  3:23  Drone  
  35  3:28  Zergling x2  
  35  3:29  Zergling x4  
  35  3:33  Overlord  
  38  3:35  Zergling x4  
  38  3:39  Zergling x2  
  41  3:44  Zergling x4  
  41  3:47  Baneling x2  
  42  3:51  Zergling x6  
  42  3:55  Drone x2, Overlord  
  45  3:58  Baneling  
  45  3:59  Baneling  
  45  4:01  Drone x2  
  47  4:04  Lair  
  47  4:05  Drone  
  47  4:08  Drone  
  49  4:13  Baneling x2, Evolution Chamber  
  48  4:17  Drone x2  
  48  4:23  Drone x3  
  53  4:29  Overlord  
  53  4:30  Drone  
  54  4:34  Drone  
  54  4:36  Drone  
  54  4:37  Roach Warren  
  54  4:39  Extractor  
  54  4:40  Drone, Extractor  
  54  4:45  Drone x3  
  56  4:48  Drone x2  
  56  4:51  Extractor  
  56  4:52  Drone  
  58  4:56  Overlord  
  58  4:59  Drone x3  
  60  5:10  Drone  
  60  5:13  Drone x4  
  64  5:16  Spire  
  64  5:18  Drone x2  
  64  5:19  Drone  
  66  5:21  Drone  
  66  5:22  Drone  
  66  5:27  Glial Reconstitution  
  68  5:28  Baneling x2  
  68  5:29  Baneling  
  68  5:33  Drone x3  
  71  5:38  Drone x2  
  71  5:40  Drone  
  74  5:43  Queen  
  74  5:44  Drone x2  
  74  5:46  Drone x3  
  74  5:47  Drone  
  74  5:49  Drone  
  81  5:51  Zerg Missile Weapons Level 1  
  81  5:56  Extractor  
  80  5:58  Extractor, Overlord x2  
  79  6:07  Overlord  
  79  6:09  Roach  
  81  6:14  Hatchery  
  81  6:16  Overlord x2  
  81  6:17  Roach  
  81  6:18  Roach  
  84  6:21  Burrow  
  84  6:23  Roach x2  
  84  6:25  Overlord  
  88  6:26  Overlord  
  88  6:29  Roach  
  90  6:34  Roach  
  90  6:35  Roach x3  
  90  6:38  Ravager  
  98  6:42  Roach x4  
  98  6:44  Overlord  
  98  6:45  Overlord  
  106  6:48  Roach  
  106  6:50  Ravager  
  106  6:51  Roach  
  106  6:52  Tunneling Claws  
  111  6:59  Overlord x2  
  111  7:00  Roach x2  
  115  7:03  Ravager  
  115  7:04  Ravager x2  
  115  7:06  Roach x2  
  122  7:11  Roach x2  
  122  7:12  Roach  
  122  7:14  Roach x2  
  134  7:15  Roach  
  134  7:19  Roach x2  
  134  7:22  Overlord  
  138  7:24  Roach  
  138  7:25  Ravager x3  
  138  7:27  Roach  
  145  7:31  Overlord  
  145  7:32  Roach x2  
  145  7:36  Roach  
  145  7:37  Roach x2  
  155  7:39  Overlord  
  155  7:41  Roach  
  155  7:43  Ravager  
  158  7:46  Roach x3  
  164  7:56  Roach  
  164  7:57  Roach  
  170  7:58  Roach  
  170  8:00  Roach  
  170  8:01  Roach x10  
  174  8:14  Roach  
  174  8:15  Roach x7, Zerg Missile Weapons Level 2  
  187  8:25  Roach  
  187  8:26  Roach x5  
  190  8:38  Overlord  
  190  8:39  Overlord, Roach  
  190  8:40  Roach x4  
  190  8:43  Evolution Chamber  
  190  8:44  Baneling, Hydralisk Den, Roach  
  186  8:52  Roach x3  
  186  8:53  Roach x2  
  188  9:05  Roach x5  
  178  9:17  Roach x11  
  178  9:18  Roach x3  
  178  9:22  Roach x2  
  164  9:26  Lurker Den  
  164  9:31  Roach x4  
  150  9:38  Roach  
  150  9:40  Roach  
  150  9:41  Roach x2  
  150  9:44  Roach x34  
  158  9:49  Hydralisk  
  158  9:50  Hydralisk  
  158  9:51  Hydralisk x2  
  166  9:54  Hydralisk  
  166  9:56  Hydralisk x2  
  172  10:00  Drone x3  
  172  10:01  Hydralisk x2  
  172  10:05  Ravager  
  180  10:07  Drone  
  180  10:08  Spore Crawler  
  180  10:09  Drone  
  180  10:10  Spore Crawler  
  180  10:14  Hydralisk x2  
  180  10:19  Hydralisk x2  
  188  10:23  Overlord x2  
  188  10:24  Hydralisk  
  190  10:29  Overlord x2  
Tags
 
Add a new tag
Caveats
  • Supply blocks, unpowered buildings, or Contaminate may cause inaccurate times.
  • Supply counts are checked every 10 seconds.